 Dungeon Crawl Stone Soup version 0.31-a0-354-g827e0957a7 (webtiles) character file.

Game seed: 7045504038121288816

82165 quinnr the Stormcaller (level 15, -3/84 HPs)
             Began as a Tengu Air Elementalist on July 23, 2023.
             Was the Champion of Vehumet.
             Slain by a bunyip (18 damage)
             ... called by a spriggan druid
             ... called by a spriggan druid
             ... on level 1 of the Swamp.
             The game lasted 01:10:26 (36571 turns).

quinnr the Stormcaller (Tengu Air Elementalist)    Turns: 36571, Time: 01:10:26

Health: -3/84      AC:  8    Str:  8    XL:     15   Next: 72%
Magic:  22/28      EV: 26    Int: 32    God:    Vehumet [******]
Gold:   1113       SH: 11    Dex: 21    Spells: 3/30 levels left

rFire   . . .        z - +4 dagger (venom)
rCold   . . .        c - +0 buckler
rNeg    . . .        U - +2 robe of Disguise {rCorr}
rPois   .            Q - +0 hat {Int+3}
rElec   .            P - +2 cloak {Stlth+}
rCorr   +            o - +0 pair of gloves
SInv    .            (boots unavailable)
Will    +....        n - amulet of reflection
Stlth   +++++        I - +6 ring of intelligence
HPRegen 0.34/turn    D - +6 ring of dexterity
MPRegen 0.21/turn

%: reflection
@: sluggish, flying quickly and evasively, very slow
A: beak, talons 3, nimble flight
a: Renounce Religion


You were on level 1 of the Swamp.
You worshipped Vehumet.
Vehumet was exalted by your worship.
You visited 5 branches of the dungeon, and saw 22 of its levels.
You also visited: Ossuary.

You collected 1831 gold pieces.
You spent 718 gold pieces at shops.


Innate Abilities, Weirdness & Mutations

You have a beak for a mouth.
You have claws for feet.
Your magical nature lets you fly swiftly and evasively.


   Skills:
 - Level 6.0 Fighting
 - Level 2.0 Armour
 + Level 13.5 Dodging
 - Level 8.0 Stealth
 - Level 4.0 Shields
 + Level 8.2 Spellcasting
 - Level 4.0 Conjurations
 - Level 9.0 Fire Magic
 - Level 4.0 Ice Magic
 - Level 20.0 Air Magic
 - Level 10.0 Poison Magic
 - Level 4.0 Evocations


You had 3 spell levels left.
You knew the following spells:

 Your Spells              Type           Power      Damage    Failure   Level
a - Airstrike             Air            48%        2d(7-23)  0%          4
c - Freezing Cloud        Conj/Ice/Air   32%        6-21      1%          5
f - Foxfire               Conj/Fire      100%       2x1d9     1%          1
i - Swiftness             Air            96%        N/A       0%          3
m - Mephitic Cloud        Conj/Pois/Air  71%        N/A       1%          3
o - Olgreb's Toxic Radia  Pois           67%        N/A       1%          4
z - Shock                 Conj/Air       100%       1d9       1%          1
X - Plasma Beam           Fire/Air       41%        2x1d55    1%          6

Your spell library contained the following spells:

 Spells                   Type           Power      Damage    Failure   Level
 Arcjolt                  Conj/Air       37%        1d47      1%          5
 Poisonous Vapours        Pois/Air       100%       N/A       0%          2
 Kiss of Death            Conj/Necr      100%       2d13      1%          1
 Static Discharge         Conj/Air       100%       2-7/arc   1%          2
 Inner Flame              Hex/Fire       41%        N/A       1%          3
 Lesser Beckoning         Tloc           26%        N/A       9%          2
 Wereblood                Tmut           13%        N/A       9%          2
 Confusing Touch          Hex            13%        N/A       17%         3
 Gell's Gravitas          Tloc           13%        N/A       17%         3
 Teleport Other           Tloc           13%        N/A       17%         3
 Flame Wave               Conj/Fire      53%        2d13      1%          4
 Sticky Flame             Conj/Fire      53%        2d7       1%          4
 Starburst                Conj/Fire      26%        6d8       16%         6
 Irradiate                Conj/Tmut      12%        3d15      17%         5
 Dispel Undead            Necr           13%        3d9       50%         4
 Ignition                 Fire           31%        3d10      89%         8
 Dispersal                Tloc           6%         N/A       100%        6
 Discord                  Hex            6%         N/A       100%        8

Inventory:

Hand Weapons
 z - a +4 dagger of venom (weapon)
 H - a +1 dagger of distortion
Missiles
 M - 2 throwing nets {=f}
Armour
 b - a +2 cloak
 c - a +0 buckler (worn)
 o - a +0 pair of gloves (worn)
 y - a scarf of repulsion
 P - a +2 cloak of stealth (worn)
 Q - a +0 hat of intelligence (worn)
 S - a +0 robe of willpower
 U - the +2 robe of Disguise (worn) {rCorr}
   (You bought it in a shop on level 1 of the Dungeon)

   rCorr:     It protects you from acid and corrosion.
Magical Staves
 W - a staff of cold {!a}
Jewellery
 n - an amulet of reflection (around neck)
 D - a +6 ring of dexterity (right hand)
 F - a ring of fire
 I - a +6 ring of intelligence (left hand)
 L - an amulet of regeneration
Wands
 t - a wand of flame (19)
 v - a wand of polymorph (13)
 x - a wand of roots (11)
 G - a wand of acid (2)
 R - a wand of charming (8)
 V - a wand of digging (6)
Scrolls
 a - 5 scrolls of enchant armour
 e - 10 scrolls of teleportation {@r2}
 g - 3 scrolls of blinking
 h - a scroll of revelation
 i - 5 scrolls of poison
 j - 3 scrolls of fear
 k - a scroll of torment
 l - 4 scrolls of vulnerability
 m - 5 scrolls of amnesia
 p - 6 scrolls of identify {@r1}
 w - 2 scrolls of fog
 N - a scroll of silence {!r}
 T - a scroll of summoning
Potions
 d - a potion of lignification
 f - a potion of haste {@q3}
 q - 4 potions of attraction
 r - 3 potions of degeneration
 s - 3 potions of heal wounds {@q2}
 u - 3 potions of resistance
 A - 2 potions of mutation
 B - 3 potions of curing {@q1}
 C - 3 potions of enlightenment
 E - 8 potions of ambrosia
 J - a potion of brilliance
 K - 4 potions of berserk rage {!q}
 O - a potion of might

Dungeon Overview and Level Annotations

Branches:
Dungeon (12/15)            Temple (1/1) D:7            Lair (5/5) D:8
  Swamp (2/4) Lair:3        Snake (0/4) Lair:3        Slime (0/5) Lair:5
    Orc (2/2) D:12            Elf (0/3) Orc:2       Ossuary (visited)

Altars:
Ashenzari
Cheibriados
Dithmenos
Elyvilon
Fedhas
Gozag
Hepliaklqana
Kikubaaqudgha
Makhleb
Nemelex Xobeh
Okawaru
Qazlal
Ru
Sif Muna
Trog
Uskayaw
Vehumet
Wu Jian
Xom
Yredelemnul
Zin
The Shining One
Jiyva

Shops:
D:1 [   D:4 =:*[(   Orc:1 :   Orc:2 (([[?

Portals:
Hell: Lair:5

Annotations:
D:2 1 runed translucent door, Crazy Yiuf
D:8 exclusion: downstairs
D:11 3 runed translucent doors
D:12 2 transporters, greasedhog's ghost, journeyman FoHu
Lair:1 exclusion: downstairs
Lair:4 exclusion: downstairs
Orc:1 Snorg
Orc:2 exclusion: upstairs

~...~.~...♣♣♣♣.....~~.♣
.......~~......~~..~~~♣
♣♣♣~~♣>~~~~...~~~.~~..♣
♣♣♣♣.~~~~§..~~~.~~~.♣
♣♣♣~.~.~~~~~~....>[§~.♣
...~..~~~..~~~.....~♣♣♣
~...~~~~~~.......~~~~♣♣
~~.~~~~~~.~~~~~~....~~♣
...~~~~~..~~~~~.@.....♣
..~~~~~~...♣♣♣♣~x÷.♣~~♣
~..~~.~..~♣♣ ♣♣♣....~♣♣
~...~~..~.♣♣♣♣≈♣♣...~.♣
(...♣~.♣♣.♣≈♣≈≈≈♣~...♣♣
~~..~♣~♣~.≈≈≈≈≈≈≈~§.♣♣
.~~...♣♣♣.♣≈≈≈≈≈≈...~♣♣
~§~..~~♣~.♣♣≈≈≈♣♣.~...♣♣
~~~..♣~~♣~.♣♣≈♣≈~.~~~~~♣


You could see a bunyip.


Message History

* * * LOW HITPOINT WARNING * * *
The swamp drake breathes poison at you.
The noxious blast engulfs you but does no damage.
You are poisoned.
There is a stone staircase leading up, spattered with blood here.
You are engulfed in noxious fumes.
You choke on the stench!
You are confused.
You feel sick.
The spriggan druid casts a spell.
The forest starts to sway and rumble!
You fly upwards.
You feel less confused.
You feel sick.
You are no longer poisoned.
There is a stone staircase leading down here.
Unknown command.
Unknown command.
Casting: Plasma Beam (dangerous; 1% risk of failure)
Confirm with . or Enter, or press ? or * to list all spells.
Casting: Plasma Beam (dangerous; 1% risk of failure)
Press: ? - help, Dir - look around, f - activate The bolt of lightning hits the bunyip!!
The bunyip is moderately wounded.
The fiery plasma hits the bunyip but does no damage.
The bunyip is moderately wounded.
The bunyip is engulfed in a cloud of scalding steam.
The bunyip completely misses you. The bunyip claws you!!
* * * LOW HITPOINT WARNING * * *
The bunyip claws you!!
You die...

Skill      XL: |  1  2  3  4  5  6  7  8  9 10 11 12 13 14 15 |
---------------+----------------------------------------------+-----
Shields        | 1 2 3 4 |  4.0
Air Magic      | 5 6 9 10 12 14 19 20 | 20.0
Armour         | 2 |  2.0
Fighting       | 1 4 5 6 |  6.0
Dodging        | 3 4 5 7 8 10 13 | 13.5
Stealth        | 3 5 8 |  8.0
Spellcasting   | 3 4 5 6 8 |  8.2
Poison Magic   | 2 8 10 | 10.0
Evocations     | 4 |  4.0
Fire Magic     | 3 6 8 9 |  9.0
Conjurations   | 4 |  4.0
Ice Magic      | 3 4 |  4.0

Action                     |  1- 3 |  4- 6 |  7- 9 | 10-12 | 13-15 || total
---------------------------+-------+-------+-------+-------+-------++-------
  Melee: Unarmed           |     5 |     2 |    10 |       |       ||    17
         Kick              |     2 |       |     1 |    39 |    28 ||    70
         Peck              |       |       |     5 |    32 |    18 ||    55
         Dagger            |       |       |     3 |   120 |    71 ||   194
   Cast: Shock             |   108 |   118 |   117 |    67 |    20 ||   430
         Airstrike         |       |       |    52 |   191 |   312 ||   555
         Swiftness         |       |       |     2 |     4 |     8 ||    14
         Olgreb's Toxic Ra |       |       |     3 |    60 |   117 ||   180
         Foxfire           |       |       |       |    45 |     8 ||    53
         Freezing Cloud    |       |       |       |     8 |    79 ||    87
         Plasma Beam       |       |       |       |     2 |    62 ||    64
         Mephitic Cloud    |       |       |       |       |    11 ||    11
  Evoke: Wand              |       |     1 |    12 |    14 |    20 ||    47
    Use: Scroll            |       |     5 |     3 |     9 |    13 ||    30
         Potion            |       |     2 |       |     1 |     3 ||     6
   Stab: Confused          |       |       |       |       |     6 ||     6
 Armour: Robe              |     4 |       |       |       |     3 ||     7
         Leather armour    |       |    12 |    16 |    43 |    24 ||    95
         Skin              |       |       |     4 |       |       ||     4
  Dodge: Dodged            |    13 |    21 |    29 |   128 |   100 ||   291
  Block: Buckler           |     6 |    19 |    29 |   104 |    69 ||   227
         Other             |       |       |     1 |       |       ||     1
         Reflection        |       |       |       |     4 |     9 ||    13

Levels and vault maps discovered:
D:1:      minmay_arrival_stone_box, layout_loops_corners,
          shapermc_ecumenical_altar_mp_ritualfount, serial_shops,
          nicolae_shop_mannequins
D:2:      layout_basic, minmay_misc_feat_rows, uniq_crazy_yiuf_cottage
D:3:      layout_loops_corners, nicolae_dithmenos_through_a_glass_darkly,
          mainiacjoe_overflow_large_starburst, serial_bayou,
          serial_bayou_shore_b, serial_bayou_pond_c, serial_bayou_shore_a,
          serial_bayou_lagoon_a, serial_bayou_pond_a, minmay_misc_feat_room,
          kennysheep_decorative_pillar, minmay_circle_x
D:4:      cheibrodos_helix_gallery, layout_cave_pools,
          lemuel_coloured_pillars_altar, serial_shops, nicolae_shop_stone,
          nicolae_book_shop_shelving, kennysheep_mini_moat,
          nicolae_inconvenience_store, nicolae_shop_tiny_statue_garden,
          uniq_grinder
D:5:      layout_loops_ring, lemuel_crystal_altar, minmay_increasing_density
D:6:      layout_cave_pools, mainiacjoe_overflow_boulevard,
          kennysheep_okawaru_gauntlet, zin_academy, hangedman_decor_riveting,
          uniq_menkaure, uniq_maggie
D:7:      layout_basic, minmay_temple_entry_slanted
D:8:      layout_cave_pods, nicolae_elyvilon_peaceful_grove, lair_entry_dummy,
          enter_ossuary_1, kennysheep_windowed_goal, uniq_amaemon
D:9:      layout_loops_corners, mainiacjoe_overflow_alcove_4,
          minmay_misc_feat_tiny, uniq_maurice, uniq_gastronok, uniq_psyche,
          uniq_erica
D:10:     layout_irregular_city, eat_drink_and_be_merry_uskayaw,
          mainiacjoe_overflow_paths, uniq_nergalle
D:11:     lemuel_bear_cage, layout_layer_cave, minmay_misc_feat_secret_circle,
          nicolae_wu_jian_immortal_techniques
D:12:     layout_loops_ring, david_orc_1_choice,
          gammafunk_ghost_wrathful_warriors, st_stairs_5, serial_bayou_pond_c,
          uniq_josephine
Temple:   chequers_temple_sunken
Lair:1:   layout_hall_layers, special_room [special_room_bee], uniq_sonja,
          uniq_urug
Lair:2:   layout_regular_city, uniq_harold
Lair:3:   layout_regular_city, skrybe_swamp_entry_bodies,
          guppyfry_snake_entry_island, eino_small_chamber_without_monster,
          grunt_megastairs_1
Lair:4:   layout_cave_pods, lookout_lair_type
Lair:5:   evil_forest, layout_cave_pods, slime_entry_1, serial_bayou_pond_e,
          infiniplex_staircase_pool_2
Swamp:1:  layout_basic_swamp, evilmike_swamp_ruin_house_6, swamp_pool4,
          nicolae_swamp_feature_on_the_river_bank, uniq_frances
Swamp:2:  layout_basic_swamp, ebering_ghost_reflecting_pool,
          nicolae_swamp_very_dense_foliage, swamp_pool5,
          nicolae_swamp_bunyip_nook
Orc:1:    layout_caves, nicolae_shop_self_help, uniq_snorg
Orc:2:    grunt_orc_community_town_hall, layout_diamond_mine,
          grunt_orc_community_big_house_2, grunt_orc_community_big_house_2,
          grunt_orc_community_house_3, grunt_orc_community_house_3,
          grunt_orc_community_house_2, grunt_orc_community_house_3, basic_altar,
          serial_shops, shop

Notes
Turn   | Place    | Note
-------+----------+-------------------------------------------
     0 | D:1      | quinnr the Tengu Air Elementalist began the quest for the
                  | Orb.
     0 | D:1      | Reached XP level 1. HP: 10/10 MP: 4/4
   171 | D:1      | You fall into a shaft and drop 1 floor!
   238 | D:2      | Reached XP level 2. HP: 15/15 MP: 4/6
   517 | D:2      | Reached skill level 1 in Shields
   760 | D:2      | Reached skill level 5 in Air Magic
   818 | D:2      | Found a runed translucent door.
   819 | D:2      | Noticed Crazy Yiuf
   880 | D:2      | Reached XP level 3. HP: 12/19 MP: 2/7
  1211 | D:1      | Found Helirph's Armour Shoppe.
  1212 | D:1      | Noticed an animated plate armour
  1213 | D:1      | Noticed an animated plate armour
  1352 | D:1      | Reached skill level 2 in Shields
  2127 | D:1      | Found a faded altar of an unknown god.
  2564 | D:3      | Found a radiant altar of Vehumet.
  2564 | D:3      | Found a stormy altar of Qazlal.
  2568 | D:3      | Became a worshipper of Vehumet
  2664 | D:3      | Found a shadowy altar of Dithmenos.
  2756 | D:3      | Reached XP level 4. HP: 24/24 MP: 4/8
  3197 | D:3      | Reached skill level 1 in Armour
  3393 | D:3      | Reached skill level 3 in Shields
  3775 | D:4      | Reached skill level 2 in Armour
  3775 | D:4      | Gained mutation: Your magical nature lets you fly swiftly
                  | and evasively. [Tengu growth]
  3775 | D:4      | Reached XP level 5. HP: 19/28 MP: 1/9
  3851 | D:4      | Found Ruhoffoutt's Jewellery Shoppe.
  4045 | D:4      | Reached * piety under Vehumet
  4045 | D:4      | Offered knowledge of Sandblast by Vehumet.
  4145 | D:4      | Noticed a phantom
  4264 | D:4      | Found Reirig's Book Shop.
  4291 | D:4      | Reached skill level 1 in Fighting
  4401 | D:4      | Found Caizuc's Assorted Antiques.
  4427 | D:4      | Noticed Grinder
  4434 | D:4      | Learned a level 4 spell: Airstrike
  4438 | D:5      | Entered Level 5 of the Dungeon
  4571 | D:5      | Noticed an ice beast
  4588 | D:5      | Killed an ice beast
  4589 | D:5      | Reached skill level 3 in Dodging
  4589 | D:5      | Reached XP level 6. HP: 34/34 MP: 0/10
  4686 | D:5      | Reached skill level 3 in Stealth
  4686 | D:5      | Reached skill level 6 in Air Magic
  4781 | D:5      | Reached skill level 3 in Spellcasting
  4834 | D:5      | Noticed a black bear
  4845 | D:5      | Killed a black bear
  4846 | D:5      | Reached skill level 4 in Dodging
  4846 | D:5      | Reached XP level 7. HP: 36/38 MP: 6/12
  4897 | D:5      | Found a snail-covered altar of Cheibriados.
  5020 | D:5      | Reached skill level 7 in Air Magic
  5455 | D:4      | Reached skill level 8 in Air Magic
  5690 | D:4      | Found a shimmering altar of Xom.
  5989 | D:5      | Reached skill level 9 in Air Magic
  6107 | D:5      | Reached XP level 8. HP: 43/43 MP: 10/13
  6275 | D:5      | Reached skill level 2 in Fighting
  6386 | D:6      | Noticed Maggie
  6485 | D:6      | Offered knowledge of Scorch by Vehumet.
  6486 | D:6      | Noticed a wyvern
  6487 | D:6      | Reached skill level 5 in Dodging
  6579 | D:6      | Reached skill level 3 in Fighting
  6654 | D:6      | Reached ** piety under Vehumet
  6663 | D:6      | Found an iron altar of Okawaru.
  6706 | D:5      | Reached skill level 4 in Fighting
  6730 | D:5      | Learned a level 4 spell: Olgreb's Toxic Radiance
  6782 | D:5      | Learned a level 3 spell: Swiftness
  6983 | D:5      | Killed Maggie
  6984 | D:5      | Reached skill level 2 in Poison Magic
  7086 | D:6      | Reached skill level 4 in Spellcasting
  7086 | D:6      | Reached XP level 9. HP: 52/52 MP: 6/16
  7216 | D:6      | Reached skill level 3 in Poison Magic
  7306 | D:6      | Reached skill level 10 in Air Magic
  7382 | D:6      | Reached skill level 4 in Poison Magic
  7840 | D:6      | Noticed Menkaure
  7843 | D:6      | Killed Menkaure
  7844 | D:6      | Reached skill level 5 in Poison Magic
  7987 | D:6      | Reached skill level 6 in Poison Magic
  8003 | D:6      | Reached skill level 7 in Poison Magic
  8265 | D:6      | Found a hazy altar of Hepliaklqana.
  8656 | D:7      | Reached skill level 8 in Poison Magic
  9080 | D:6      | Reached XP level 10. HP: 56/56 MP: 13/17
  9173 | D:6      | Found a glowing silver altar of Zin.
  9230 | D:6      | Reached skill level 1 in Evocations
  9696 | D:7      | Offered knowledge of Searing Ray by Vehumet.
  9903 | D:7      | Reached skill level 2 in Evocations
  9961 | D:7      | Noticed a cyclops
  9965 | D:7      | Killed a cyclops
  9966 | D:7      | Reached skill level 6 in Dodging
 10073 | D:7      | Reached skill level 5 in Spellcasting
 10324 | D:7      | Found a staircase to the Ecumenical Temple.
 10349 | Temple   | Entered the Ecumenical Temple
 10509 | D:4      | Learned a level 6 spell: Plasma Beam
 10518 | D:4      | Found Rekecs's Antique Weapon Boutique.
 10577 | D:4      | Killed Grinder
 10577 | D:4      | Reached *** piety under Vehumet
 10828 | D:4      | Found Esuturin's Antique Armour Boutique.
 11030 | D:6      | Reached skill level 3 in Evocations
 11032 | D:6      | Reached skill level 1 in Fire Magic
 11181 | D:8      | Found a staircase to the Lair.
 11188 | D:8      | Found a sand-covered staircase.
 11189 | D:8      | Noticed Amaemon
 11189 | D:8      | Noticed an orange demon
 11286 | D:8      | Killed an orange demon
 11418 | D:7      | Killed Amaemon
 11419 | D:7      | Reached skill level 4 in Shields
 11419 | D:7      | Reached skill level 2 in Fire Magic
 11556 | Ossuary  | Entered an ossuary
 11786 | Ossuary  | Offered knowledge of Iskenderun's Mystic Blast by Vehumet.
 11796 | Ossuary  | Learned a level 1 spell: Foxfire
 12319 | Ossuary  | Reached **** piety under Vehumet
 12332 | Ossuary  | Reached skill level 7 in Dodging
 12361 | Ossuary  | Offered knowledge of Lee's Rapid Deconstruction by Vehumet.
 12400 | D:8      | Reached skill level 4 in Evocations
 12406 | D:8      | Reached skill level 5 in Fighting
 12719 | D:8      | Noticed a two-headed ogre
 12722 | D:8      | Killed a two-headed ogre
 12723 | D:8      | Reached skill level 3 in Fire Magic
 12723 | D:8      | Reached XP level 11. HP: 64/64 MP: 7/19
 13008 | D:8      | Reached skill level 11 in Air Magic
 13031 | D:8      | Reached ***** piety under Vehumet
 13031 | D:8      | Offered knowledge of Freezing Cloud by Vehumet.
 13127 | D:8      | Found a white marble altar of Elyvilon.
 13308 | D:8      | Noticed a two-headed ogre
 13313 | D:8      | Killed a two-headed ogre
 13314 | D:8      | Reached skill level 2 in Conjurations
 13703 | D:9      | Noticed Psyche
 13706 | D:9      | Killed Psyche
 13707 | D:9      | Reached skill level 4 in Fire Magic
 13928 | Lair:1   | Entered Level 1 of the Lair of Beasts
 14027 | Lair:1   | Noticed Urug
 14120 | Lair:1   | Killed Urug
 14415 | Lair:1   | Reached skill level 3 in Conjurations
 14428 | Lair:1   | Reached skill level 6 in Fighting
 14430 | Lair:1   | Reached skill level 8 in Dodging
 14576 | Lair:1   | Noticed Sonja
 14579 | Lair:1   | Killed Sonja
 14582 | Lair:1   | Reached skill level 4 in Conjurations
 14788 | Lair:1   | Reached skill level 5 in Fire Magic
 14799 | Lair:1   | Reached skill level 6 in Spellcasting
 14952 | Lair:1   | Reached skill level 12 in Air Magic
 15466 | Lair:1   | Reached skill level 6 in Fire Magic
 15615 | Lair:1   | Reached XP level 12. HP: 70/70 MP: 14/22
 15926 | Lair:2   | Noticed a four-headed hydra
 15933 | Lair:2   | Killed a four-headed hydra
 16071 | Lair:2   | Reached skill level 7 in Spellcasting
 16180 | Lair:2   | Learned a level 5 spell: Freezing Cloud
 16197 | Lair:1   | Reached skill level 7 in Fire Magic
 16408 | Lair:2   | Noticed a four-headed hydra
 16414 | Lair:2   | Killed a four-headed hydra
 16415 | Lair:2   | Reached skill level 1 in Ice Magic
 16415 | Lair:2   | Reached skill level 13 in Air Magic
 16818 | Lair:2   | Noticed Harold
 16823 | Lair:2   | Killed Harold
 17060 | Lair:2   | Reached skill level 2 in Ice Magic
 17883 | Lair:2   | Reached skill level 8 in Fire Magic
 17883 | Lair:2   | Reached skill level 3 in Ice Magic
 18395 | Lair:3   | Found a staircase to the Swamp.
 18418 | Lair:3   | Reached skill level 8 in Spellcasting
 18617 | Lair:3   | Offered knowledge of Sticky Flame by Vehumet.
 18694 | Lair:3   | Found a staircase to the Snake Pit.
 18700 | Lair:3   | Reached skill level 14 in Air Magic
 18701 | Lair:3   | Reached XP level 13. HP: 74/74 MP: 12/26
 18702 | Lair:3   | Reached skill level 4 in Ice Magic
 19080 | Lair:3   | Reached skill level 9 in Fire Magic
 19537 | Lair:3   | Reached skill level 15 in Air Magic
 19952 | Lair:4   | Reached skill level 16 in Air Magic
 19960 | Lair:4   | Identified a potion of resistance
 21067 | Lair:5   | Entered Level 5 of the Lair of Beasts
 21169 | Lair:5   | Reached skill level 17 in Air Magic
 21752 | Lair:5   | Reached skill level 18 in Air Magic
 22132 | Lair:5   | Reached skill level 19 in Air Magic
 22132 | Lair:5   | Reached XP level 14. HP: 80/80 MP: 6/27
 22870 | Lair:5   | Reached skill level 20 in Air Magic
 23305 | Lair:5   | Identified the +4 long sword "Liamonea" {holy, rC+}
 23797 | Lair:5   | Noticed a dire elephant
 23850 | Lair:5   | Killed a dire elephant
 24078 | Lair:5   | Reached skill level 9 in Dodging
 24142 | Lair:5   | Found a viscous altar of Jiyva.
 24142 | Lair:5   | Found a staircase to the Slime Pits.
 24362 | Lair:5   | Reached skill level 9 in Poison Magic
 25039 | Lair:5   | Found a burning altar of Makhleb.
 25045 | Lair:5   | Found a gateway to Hell.
 25325 | D:9      | Noticed Erica
 25330 | D:9      | Killed Erica
 25683 | D:9      | Learned a level 3 spell: Mephitic Cloud
 25974 | D:9      | Found a basalt altar of Yredelemnul.
 26048 | D:10     | Entered Level 10 of the Dungeon
 26267 | D:9      | Noticed Gastronok
 26273 | D:9      | Killed Gastronok
 26306 | D:9      | Noticed Maurice
 26511 | D:9      | Killed Maurice
 26817 | D:10     | Found a hide-covered altar of Uskayaw.
 26904 | D:10     | Reached skill level 10 in Dodging
 27098 | D:10     | Found a broken altar of Ashenzari.
 27190 | D:10     | Reached ****** piety under Vehumet
 27190 | D:10     | Offered knowledge of Fireball by Vehumet.
 27453 | D:10     | Noticed Nergalle
 27457 | D:10     | Killed Nergalle
 27778 | D:11     | Found an ornate altar of the Wu Jian Council.
 28557 | D:11     | Found a runed translucent gate.
 28558 | D:11     | Found a runed translucent gate.
 28560 | D:11     | Found a runed translucent gate.
 28839 | D:12     | Reached skill level 4 in Stealth
 28839 | D:12     | Reached skill level 10 in Poison Magic
 29130 | D:12     | Found a transporter.
 29130 | D:12     | Found a transporter.
 29135 | D:12     | Noticed greasedhog's ghost (journeyman FoHu)
 29137 | D:12     | Found a bloodstained altar of Trog.
 29421 | D:12     | Reached skill level 5 in Stealth
 29943 | D:12     | Noticed Josephine
 29946 | D:12     | Killed Josephine
 29947 | D:12     | Reached XP level 15. HP: 84/84 MP: 11/28
 30332 | D:12     | Reached skill level 11 in Dodging
 30470 | D:12     | Found a staircase to the Orcish Mines.
 30870 | Orc:1    | Entered Level 1 of the Orcish Mines
 31191 | Orc:1    | Found Vubuenn's Self-Improvement Boutique.
 31315 | Orc:2    | Entered Level 2 of the Orcish Mines
 31436 | Orc:2    | Reached skill level 6 in Stealth
 31659 | Orc:2    | Identified a +1 robe of resistance
 31826 | Orc:2    | Found a staircase to the Elven Halls.
 31956 | Orc:1    | Noticed Snorg
 32107 | Orc:2    | Found Duotiunk's Magic Scroll Shop.
 32129 | Orc:2    | Offered knowledge of Arcjolt by Vehumet.
 32686 | Orc:2    | Found Piruut's Weapon Emporium.
 33250 | Orc:2    | Found Reyq's Antique Armour Shop.
 33285 | Orc:2    | Reached skill level 7 in Stealth
 33292 | Orc:2    | Noticed an orc warlord
 33301 | Orc:2    | Killed an orc warlord
 33681 | Orc:2    | Found Qureum's Antique Armour Emporium.
 33684 | Orc:2    | Found Puadwog's Antique Weapon Shoppe.
 33837 | Orc:2    | Bought a scroll of summoning for 133 gold pieces
 33837 | Orc:2    | Bought a scroll of enchant armour for 105 gold pieces
 33837 | Orc:2    | Bought a scroll of teleportation for 42 gold pieces
 33837 | Orc:2    | Bought a scroll of fog for 56 gold pieces
 33837 | Orc:2    | Bought a scroll of fear for 56 gold pieces
 34173 | D:1      | Bought the +2 robe of Disguise {rCorr} for 326 gold pieces
 34412 | Swamp:1  | Entered Level 1 of the Swamp
 34488 | Swamp:1  | Reached skill level 12 in Dodging
 34882 | Swamp:1  | Reached skill level 8 in Stealth
 35140 | Swamp:1  | Noticed Frances
 35155 | Swamp:1  | Killed Frances
 35354 | Swamp:1  | Reached skill level 13 in Dodging
 36571 | Swamp:1  | Slain by a bunyip

Vanquished Creatures
  Frances (Swamp:1)
  Gastronok (D:9)
  An orc warlord (Orc:2)
  3 bunyips
  A dire elephant (Lair:5)
  Josephine (D:12)
  Harold (Lair:2)
  6 hydras
  Erica (D:9)
  A centaur warrior (D:12)
  2 two-headed ogres (D:8)
  3 boulder beetles
  5 alligators
  4 death yaks
  Urug (Lair:1)
  2 orc high priests (Orc:2)
  Amaemon (D:7)
  Sonja (Lair:1)
  Nergalle (D:10)
  A sixfirhy (Lair:5)
  A spriggan druid (Swamp:1)
  2 skysharks
  A swamp dragon (Swamp:1)
  A goliath frog (Swamp:1)
  A wizard (Lair:5)
  2 bog bodies
  2 orc knights (Orc:2)
  3 orc sorcerers (Orc:2)
  2 manticores (D:12)
  2 ugly things
  A cyclops (D:7)
  2 will-o-the-wisps (Swamp:1)
  Maurice (D:9)
  6 elephants
  7 black mambas
  4 orange demons
  A smoke demon (Lair:5)
  Maggie (D:5)
  Psyche (D:9)
  9 cane toads
  4 rime drakes
  An unseen horror (D:12)
  15 komodo dragons
  An ice devil (Lair:5)
  A red devil (Lair:5)
  5 trolls
  A queen bee (Lair:1)
  Grinder (D:4)
  7 tyrant leeches (Swamp:1)
  3 hornets
  7 dream sheep (Lair:5)
  19 blink frogs
  4 slime creatures (D:12)
  2 spriggans (Swamp:1)
  4 wraiths (D:12)
  3 wyverns
  57 yaks
  2 steam dragons
  A basilisk (Lair:5)
  4 swamp worms
  4 wargs
  Menkaure (D:6)
  A naga (Lair:3)
  3 vampire mosquitoes (Swamp:1)
  3 acid dragons
  13 water moccasins
  4 hell hounds (Lair:5)
  28 orc warriors
  2 swamp drakes (Swamp:2)
  3 black bears
  4 ice beasts
  2 sky beasts (D:7)
  7 ogres
  19 wolves
  4 centaurs
  2 kobold brigands (D:8)
  2 phantoms
  11 bullfrogs
  3 gnoll sergeants
  5 scorpions (D:5)
  11 wights
  38 killer bees
  An electric eel (Lair:4)
  7 howler monkeys
  3 centaur zombies (Ossuary)
  4 jellies
  20 orc priests
  3 hounds
  4 human zombies (Ossuary)
  A gnoll bouda (D:6)
  3 iguanas
  32 orc wizards
  11 hell rats
  2 mummies (Ossuary)
  6 adders
  11 gnolls
  2 shadow imps
  2 white imps
  An ufetubus (D:6)
  An adder zombie (Ossuary)
  A worm (D:2)
  5 dart slugs
  103 orcs
  7 bats
  9 endoplasms
  5 giant cockroaches
  5 goblins
  10 hobgoblins
  8 jackals
  A quokka (D:2)
  10 ball pythons
  5 frilled lizards
  6 hobgoblin zombies (Ossuary)
  A jackal zombie (Ossuary)
  19 kobolds
  12 kobold zombies (Ossuary)
  9 orc zombies (Ossuary)
  6 rats
  A rat zombie (Ossuary)
  A butterfly (D:8)
738 creatures vanquished.

Vanquished Creatures (others)
  92 foxfires
92 creatures vanquished.

Grand Total: 830 creatures vanquished

Table legend: (Time is in decaauts)
 A = Elapsed time spent in this place.
 B = Non-inter-level travel time spent in this place.
 C = Inter-level travel time spent in this place.
 D = Time resting spent in this place.
 E = Time spent auto-exploring this place.
 F = Levels seen in this place.
 G = Mean time per level.
                   A        B        C        D        E       F      G
               +--------+--------+--------+--------+--------+-----+--------+
         Total |  35325 |  33076 |   2249 |   5876 |  22610 |  23 | 1535.9 |
       Dungeon |  19000 |  17510 |   1490 |   3017 |  12108 |  12 | 1583.3 |
        Temple |      1 |      1 |      0 |      0 |      0 |   1 |    1.0 |
          Lair |  11169 |  10626 |    543 |   1742 |   7517 |   5 | 2233.8 |
         Swamp |   1644 |   1571 |     73 |    610 |    719 |   2 |  822.0 |
  Orcish Mines |   2688 |   2547 |    141 |    457 |   1740 |   2 | 1344.0 |
       Ossuary |    821 |    821 |      0 |     48 |    524 |   1 |  821.0 |
               +--------+--------+--------+--------+--------+-----+--------+

Top non-repeatable levels by time:
  Lair:5: 3234 daAuts
     D:5: 2686 daAuts
   Orc:2: 2219 daAuts
  Lair:3: 2113 daAuts
  Lair:1: 2014 daAuts
    D:12: 1980 daAuts
  Lair:2: 1943 daAuts
     D:8: 1930 daAuts
  Lair:4: 1864 daAuts
     D:6: 1655 daAuts
     D:3: 1645 daAuts
     D:7: 1633 daAuts
 Swamp:1: 1594 daAuts
     D:4: 1419 daAuts
     D:9: 1321 daAuts

Table legend:
 A = Non-vault XP
 B = Vault XP
 C = Vault XP percentage of total XP
 D = Non-vault monster count
 E = Vault monster count
 F = Vault count percentage of total count
                 A         B        C        D         E       F
            +---------+---------+-------+---------+---------+-------
      Total |   80377 |   37002 |  31.5 |     526 |     211 |  28.6
            +---------+---------+-------+---------+---------+-------
        D:1 |      36 |       0 |   0.0 |      19 |       0 |   0.0
        D:2 |      40 |       0 |   0.0 |      22 |       0 |   0.0
        D:3 |      65 |       3 |   4.4 |      21 |       2 |   8.7
        D:4 |     362 |     400 |  52.5 |      31 |       3 |   8.8
        D:5 |     852 |     869 |  50.5 |      15 |       7 |  31.8
        D:6 |    2461 |     173 |   6.6 |      34 |       3 |   8.1
        D:7 |    1662 |     791 |  32.2 |      25 |       1 |   3.8
        D:8 |    1989 |    1243 |  38.5 |      42 |       2 |   4.5
        D:9 |    1268 |    3261 |  72.0 |      17 |       4 |  19.0
       D:10 |    1224 |     767 |  38.5 |      19 |       1 |   5.0
       D:11 |    1500 |       0 |   0.0 |      13 |       0 |   0.0
       D:12 |    5617 |    3388 |  37.6 |      14 |      17 |  54.8
     Lair:1 |    5405 |    3385 |  38.5 |      30 |      27 |  47.4
     Lair:2 |    6977 |     894 |  11.4 |      24 |       1 |   4.0
     Lair:3 |    7683 |    1673 |  17.9 |      36 |       5 |  12.2
     Lair:4 |    7284 |       0 |   0.0 |      23 |       0 |   0.0
     Lair:5 |   16909 |   10505 |  38.3 |      58 |      25 |  30.1
    Swamp:1 |   12212 |    2559 |  17.3 |      28 |       2 |   6.7
    Swamp:2 |    2054 |     127 |   5.8 |       4 |       1 |  20.0
      Orc:1 |    1130 |       0 |   0.0 |      19 |       0 |   0.0
      Orc:2 |    3647 |    6583 |  64.3 |      32 |      71 |  68.9
    Ossuary |       0 |     381 | 100.0 |       0 |      39 | 100.0
            +---------+---------+-------+---------+---------+-------

Levels and vault maps discovered:
D:1:      minmay_arrival_stone_box, layout_loops_corners,
          shapermc_ecumenical_altar_mp_ritualfount, serial_shops,
          nicolae_shop_mannequins
D:2:      layout_basic, minmay_misc_feat_rows, uniq_crazy_yiuf_cottage
D:3:      layout_loops_corners, nicolae_dithmenos_through_a_glass_darkly,
          mainiacjoe_overflow_large_starburst, serial_bayou,
          serial_bayou_shore_b, serial_bayou_pond_c, serial_bayou_shore_a,
          serial_bayou_lagoon_a, serial_bayou_pond_a, minmay_misc_feat_room,
          kennysheep_decorative_pillar, minmay_circle_x
D:4:      cheibrodos_helix_gallery, layout_cave_pools,
          lemuel_coloured_pillars_altar, serial_shops, nicolae_shop_stone,
          nicolae_book_shop_shelving, kennysheep_mini_moat,
          nicolae_inconvenience_store, nicolae_shop_tiny_statue_garden,
          uniq_grinder
D:5:      layout_loops_ring, lemuel_crystal_altar, minmay_increasing_density
D:6:      layout_cave_pools, mainiacjoe_overflow_boulevard,
          kennysheep_okawaru_gauntlet, zin_academy, hangedman_decor_riveting,
          uniq_menkaure, uniq_maggie
D:7:      layout_basic, minmay_temple_entry_slanted
D:8:      layout_cave_pods, nicolae_elyvilon_peaceful_grove, lair_entry_dummy,
          enter_ossuary_1, kennysheep_windowed_goal, uniq_amaemon
D:9:      layout_loops_corners, mainiacjoe_overflow_alcove_4,
          minmay_misc_feat_tiny, uniq_maurice, uniq_gastronok, uniq_psyche,
          uniq_erica
D:10:     layout_irregular_city, eat_drink_and_be_merry_uskayaw,
          mainiacjoe_overflow_paths, uniq_nergalle
D:11:     lemuel_bear_cage, layout_layer_cave, minmay_misc_feat_secret_circle,
          nicolae_wu_jian_immortal_techniques
D:12:     layout_loops_ring, david_orc_1_choice,
          gammafunk_ghost_wrathful_warriors, st_stairs_5, serial_bayou_pond_c,
          uniq_josephine
Temple:   chequers_temple_sunken
Lair:1:   layout_hall_layers, special_room [special_room_bee], uniq_sonja,
          uniq_urug
Lair:2:   layout_regular_city, uniq_harold
Lair:3:   layout_regular_city, skrybe_swamp_entry_bodies,
          guppyfry_snake_entry_island, eino_small_chamber_without_monster,
          grunt_megastairs_1
Lair:4:   layout_cave_pods, lookout_lair_type
Lair:5:   evil_forest, layout_cave_pods, slime_entry_1, serial_bayou_pond_e,
          infiniplex_staircase_pool_2
Swamp:1:  layout_basic_swamp, evilmike_swamp_ruin_house_6, swamp_pool4,
          nicolae_swamp_feature_on_the_river_bank, uniq_frances
Swamp:2:  layout_basic_swamp, ebering_ghost_reflecting_pool,
          nicolae_swamp_very_dense_foliage, swamp_pool5,
          nicolae_swamp_bunyip_nook
Orc:1:    layout_caves, nicolae_shop_self_help, uniq_snorg
Orc:2:    grunt_orc_community_town_hall, layout_diamond_mine,
          grunt_orc_community_big_house_2, grunt_orc_community_big_house_2,
          grunt_orc_community_house_3, grunt_orc_community_house_3,
          grunt_orc_community_house_2, grunt_orc_community_house_3, basic_altar,
          serial_shops, shop
